 Dungeon Crawl Stone Soup version 0.31.0-11-ge490571c62 (webtiles) character file.

Game seed: 17234738808025529240

415 Peloso the Slasher (level 6, -1/53 HPs)
             Began as a Minotaur Fighter on Feb 9, 2024.
             Slain by a centaur (7 damage)
             ... on level 5 of the Dungeon.
             The game lasted 00:06:18 (3709 turns).

Peloso the Slasher (Minotaur Fighter)               Turns: 3709, Time: 00:06:18

Health: -1/53      AC: -3    Str: 21    XL:     6   Next: 60%
Magic:  5/5        EV:  9    Int:  5    God:
Gold:   296        SH:  0    Dex: 11    Spells: 5/5 levels left

rFire   . . .        a - +0 long sword
rCold   . . .        d - +0 buckler
rNeg    . . .        b - +0 scale mail
rPois   .            (helmet restricted)
rElec   .            (no cloak)
rCorr   .            (no gloves)
SInv    .            j - +0 pair of boots
Will    +....        v - amulet of reflection Stlth
                     r - ring of willpower
HPRegen 0.28/turn    (no ring)
MPRegen 0.09/turn

%: reflection
@: confused, ambrosia-drunk, corroded
A: horns 2, retaliatory headbutt
a: no special abilities


You were on level 5 of the Dungeon.
You visited 1 branch of the dungeon, and saw 5 of its levels.

You collected 296 gold pieces.

Inventory:

Hand Weapons
 a - a +0 long sword (weapon)
Armour
 b - a +0 scale mail (worn)
 d - a +0 buckler (worn)
 j - a +0 pair of boots (worn)
Jewellery
 p - an amulet of magic regeneration
 r - a ring of willpower (left hand)
 u - a +6 ring of intelligence
 v - an amulet of reflection (around neck)
Talismans
 c - a granite talisman
Wands
 y - a wand of paralysis (8)
Scrolls
 e - a scroll of enchant armour {unknown}
 g - 2 scrolls of teleportation
 h - 2 scrolls of identify {unknown}
 i - a scroll of silence {unknown}
 k - a scroll of noise {unknown}
 m - a scroll of poison {unknown}
 n - a scroll of vulnerability {unknown}
 s - a scroll of amnesia {unknown}
 x - 3 scrolls of fog
Potions
 f - 2 potions of attraction
 l - a potion of might
 o - a potion of mutation {unknown}
 q - 2 potions of ambrosia
 t - a potion of resistance {unknown}
 z - a potion of curing {unknown}


   Skills:
 + Level 4.5 Fighting
 + Level 6.0 Long Blades
 + Level 5.2 Armour
 + Level 0.5 Dodging
 + Level 0.4 Stealth
 + Level 5.1 Shields


You had 5 spell levels left.
You didn't know any spells.
Your spell library was empty.

Dungeon Overview and Level Annotations

Branches:
Dungeon (5/15)
 Temple: D:4-7

Altars:
Cheibriados
Elyvilon
Hepliaklqana
Nemelex Xobeh
Xom

Annotations:
D:2 1 runed translucent door, Crazy Yiuf


Innate Abilities, Weirdness & Mutations

You have a pair of horns on your head.
You reflexively headbutt those who attack you in melee.


Message History

The black bear claws you.
* * * LOW HITPOINT WARNING * * *
The black bear attacks as it pursues you!
The black bear bites you.
* * * LOW HITPOINT WARNING * * *
The black bear barely misses you. The black bear claws you.
* * * LOW HITPOINT WARNING * * *
You feel much better. The black bear closely misses you. x2
You block the black bear's attack.
As you read the scroll of teleportation, it crumbles to dust.
You feel strangely unstable. The black bear closely misses you.
You block the black bear's attack. The black bear claws you.
Your surroundings suddenly seem different.
A centaur comes into view.
The centaur shouts!
The centaur wields a +0 orcbow.
The centaur shoots an arrow.
The arrow hits you!
* * * LOW HITPOINT WARNING * * *
The centaur shoots an arrow.
You block the arrow with an invisible shield... and reflect it back!
The arrow hits the centaur!
The centaur unwields a +0 orcbow.
The centaur hits you.
* * * LOW HITPOINT WARNING * * *
The centaur kicks you.
* * * LOW HITPOINT WARNING * * *
You hit the centaur.
The centaur is heavily wounded.
The centaur hits you.
* * * LOW HITPOINT WARNING * * *
The centaur closely misses you. You block the centaur's attack.
The centaur kicks you.
* * * LOW HITPOINT WARNING * * *
It was a potion of ambrosia.
You are confused.
You feel invigorated. The centaur hits you.
* * * LOW HITPOINT WARNING * * *
The centaur kicks you.
* * * LOW HITPOINT WARNING * * *
The centaur hits you!
You die...

## ##### #.
#...#
###.###...#
##.....#...#
.......#...#####
#.............
#....c@..#
#####.#### #.#
#.# #.# #.. ###


You could see a centaur.

Vanquished Creatures
  A black bear (D:3)
  A bullfrog (D:4)
  A jelly (D:5)
  An orc priest (D:4)
  2 orc wizards (D:4)
  Robin (D:2)
  2 adders
  2 ribbon worms
  A dart slug (D:2)
  7 orcs (D:4)
  5 ball pythons
  4 bats
  An endoplasm (D:4)
  6 giant cockroaches
  18 goblins
  9 hobgoblins
  4 jackals (D:2)
  2 quokkas
  8 frilled lizards
  14 kobolds
  10 rats
100 creatures vanquished.

Notes
Turn   | Place    | Note
-------+----------+-------------------------------------------
     0 | D:1      | Peloso the Minotaur Fighter began the quest for the Orb.
     0 | D:1      | Reached XP level 1. HP: 19/19 MP: 0/0
   181 | D:1      | Reached XP level 2. HP: 27/27 MP: 1/1
  1068 | D:2      | Reached skill level 3 in Long Blades
  1068 | D:2      | Reached XP level 3. HP: 33/33 MP: 2/2
  1435 | D:2      | Found a runed translucent door.
  1436 | D:2      | Noticed Crazy Yiuf
  1469 | D:2      | Reached XP level 4. HP: 39/40 MP: 3/3
  1499 | D:2      | Noticed Robin
  1526 | D:2      | Killed Robin
  1855 | D:3      | Found the +7 staff of the Meek {protect, meekguard}
  1976 | D:3      | Reached skill level 4 in Long Blades
  1998 | D:3      | Noticed a black bear
  2011 | D:3      | Killed a black bear
  2012 | D:3      | Reached XP level 5. HP: 8/47 MP: 4/4
  2321 | D:3      | Found a snail-covered altar of Cheibriados.
  2708 | D:4      | Reached skill level 5 in Long Blades
  2778 | D:4      | Found a hazy altar of Hepliaklqana.
  2788 | D:4      | Found a shimmering altar of Xom.
  2792 | D:4      | Found a shimmering altar of Xom.
  2792 | D:4      | Found a shimmering altar of Xom.
  2792 | D:4      | Found a shimmering altar of Xom.
  2792 | D:4      | Found a shimmering altar of Xom.
  2800 | D:4      | Found a shimmering altar of Xom.
  2800 | D:4      | Found a shimmering altar of Xom.
  2813 | D:4      | Reached skill level 5 in Armour
  2813 | D:4      | Reached skill level 5 in Shields
  2813 | D:4      | Reached XP level 6. HP: 51/53 MP: 5/5
  2859 | D:4      | Found a sparkling altar of Nemelex Xobeh.
  2951 | D:4      | Found a white marble altar of Elyvilon.
  3687 | D:5      | Entered Level 5 of the Dungeon
  3699 | D:5      | Reached skill level 6 in Long Blades
  3701 | D:5      | HP: 1/53 [black bear (5)]
  3707 | D:5      | HP: 2/53 [centaur (6)]
  3709 | D:5      | Slain by a centaur

Illustrated notes

Levels and vault maps discovered:
D:1:      dpeg_arrival_three_smaller_balls, layout_basic, st_stairs_12
D:2:      layout_rooms, lexackson_kobold_supper, uniq_crazy_yiuf_cottage,
          uniq_robin
D:3:      layout_loops_ring, mainiacjoe_overflow_tiny_flanked
D:4:      layout_loops_corners, elyvilon_altar_5,
          nicolae_hepliaklqana_hazy_memory, nemelex_spade_bored_becter,
          nicolae_xom_altar_mimics, grunt_ministairs_10
D:5:      layout_basic, lemuel_doored_altar

Skill      XL: |  1  2  3  4  5  6 |
---------------+-------------------+-----
Fighting       | 4 |  4.5
Armour         | 4 5 |  5.2
Shields        | 4 5 |  5.1
Long Blades    | 3 4 5 6 |  6.0
Dodging        | |  0.5
Stealth        | |  0.4

Action                     |  1- 3 |  4- 6 || total
---------------------------+-------+-------++-------
  Melee: Long sword        |   111 |   149 ||   260
         Headbutt          |    14 |    30 ||    44
    Use: Potion            |     2 |     4 ||     6
         Scroll            |       |     4 ||     4
 Armour: Scale mail        |    73 |   124 ||   197
  Dodge: Dodged            |    69 |    59 ||   128
  Block: Buckler           |    26 |    65 ||    91
         Reflection        |       |     1 ||     1
